 Dungeon Sprint DCSS version 0.27-a0-1217-g8a41f320e8 (webtiles) character file.

Game seed: 8968290074781124120

725 mhtbhm the Fighter (level 7, -6/66 HPs)
             Began as a Demonspawn Berserker on June 5, 2021.
             Was an Elder of Trog.
             Mangled by a human
             ... wielding a +0 whip
              (15 damage)
             ... in the Dungeon (Sprint III: "The Ten Rune Challenge").
             The game lasted 00:00:55 (878 turns).

mhtbhm the Fighter (Demonspawn Berserker)            Turns: 878, Time: 00:00:55

Health: -6/66      AC:  7    Str: 20    XL:     7   Next: 43%
Magic:  7/7        EV: 11    Int:  8    God:    Trog [****..]
Gold:   39         SH:  0    Dex: 12    Spells: 6/6 levels left

rFire    . . .     SeeInvis .   a - +0 mace
rCold    . . .     Faith    .   (no shield)
rNeg     . . .     Spirit   .   b - +0 scale mail
rPois    .         Reflect  .   (no helmet)
rElec    .         Harm     .   (no cloak)
rCorr    .         Rampage  .   (no gloves)
Will     .....     NoTele   +   (no boots)
Stlth    ..........             (no amulet)
HPRegen  0.21/turn              (no ring)
MPRegen  0.10/turn              (no ring)

@: mighty, on berserk cooldown, slowed, very slow
A: demonic guardian 2, powered by pain 2
a: Renounce Religion, Berserk, Trog's Hand, Brothers in Arms


You were in the Dungeon.
You worshipped Trog.
Trog was greatly pleased with you.
You visited 1 branch You collected 39 gold pieces.

Inventory:

Hand Weapons
 a - a +0 mace (weapon)
Armour
 b - a +0 scale mail (worn)
Scrolls
 h - a scroll of blinking
 i - a scroll of fog {unknown}
 k - a scroll of immolation {unknown}
 l - 3 scrolls of identify
 m - a scroll of holy word {unknown}
Potions
 c - a potion of curing
 d - 3 potions of heal wounds
 e - 2 potions of haste
 f - 2 potions of magic
 g - a potion of berserk rage
 j - 3 potions of mutation {unknown}
 n - 2 potions of flight


   Skills:
 + Level 10.1 Fighting
 + Level 9.5 Maces & Flails
 + Level 6.8 Armour
 + Level 5.0 Dodging


You had 6 spell levels left.
You didn't know any spells.
Your spell library was empty.

Dungeon Overview and Level Annotations

Branches:
Dungeon (1/1)

Altars:
Elyvilon
Kikubaaqudgha
Okawaru
Sif Muna
Trog
Uskayaw
Vehumet
Wu Jian
Zin
The Shining One
Beogh


Innate Abilities, Weirdness & Mutations

A demonic guardian rushes to your aid.
You sometimes gain power by taking damage.


Message History

The human hits you. The human closely misses you.
You thump the human!
You kill the human!
Trog accepts your kill. The human closely misses you.
Your Fighting skill increases to level 10!
Your Dodging skill increases to level 5!
You closely miss the human. The human hits you with a +0 whip!
You thump the human!
The human is lightly wounded.
The human hits you with a +0 whip!!
You focus on the pain.
You feel very mighty all of a sudden.
You are too injured to fight recklessly!
You are too injured to fight recklessly!
You are too injured to fight recklessly!
You are too injured to fight recklessly!
You are too injured to fight recklessly!
You are too injured to fight recklessly!
You are too injured to fight recklessly!
You are too injured to fight recklessly!
Unknown command.
You thump the human!
The human is heavily wounded.
The human misses you.
You hit the human.
The human is heavily wounded.
You sock the human!
The human is severely wounded.
You are no longer berserk.
You are exhausted.
You feel yourself slow down. The human hits you with a +0 whip!
You closely miss the human.
The human is severely wounded.
The human misses you. The human hits you with a +0 whip.
You closely miss the human.
The human is severely wounded.
The human misses you. The human hits you with a +0 whip!
* * * LOW HITPOINT WARNING * * *
A demonic guardian appears!
The human hits you with a +0 whip!
You die...

▓▓▓▓▓▓ ▓▓▓ '....♣♣♣
♣.######### #......♣
♣.#___#___# #....♣♣♣
♣.#.).#__.
#....≈♣♣♣♣♣.###'#p###+##
#...≈≈♣...♣.#...@†4....#
#..≈≈≈≈♣♣...'.⌠........#
#..≈≈≈≈≈≈♣♣.#...######+#
#.≈≈≈≈≈≈....#.⌠.#
#.≈≈≈≈≈.....#...#
#.≈≈≈.......#'###
#...........#)).#
............#___#
▓▓▓▓▓▓▓▓▓▓▓▓▓▓▓▓▓


You could see a human (berserk, ally target) and a friendly hellwing (summoned).

Vanquished Creatures
  A deep elf pyromancer (D)
  A water elemental (D)
  A scorpion (D)
  A kobold demonologist (D)
  2 humans (D)
  4 rats (D)
10 creatures vanquished.

Vanquished Creatures (others)
  A wizard (D)
1 creature vanquished.

Grand Total: 11 creatures vanquished

Notes
Turn   | Place    | Note
-------+----------+-------------------------------------------
     0 | D        | mhtbhm the Demonspawn Berserker began the quest for the
                  | Orb.
     0 | D        | Reached XP level 1. HP: 18/18 MP: 1/1
    76 | D        | Reached ** piety under Trog
   112 | D        | Reached skill level 4 in Fighting
   112 | D        | Gained mutation: You sometimes gain a little power by
                  | taking damage. [demonic ancestry]
   112 | D        | Reached XP level 2. HP: 12/26 MP: 2/2
   326 | D        | Noticed a scorpion
   336 | D        | Killed a scorpion
   337 | D        | Reached skill level 5 in Fighting
   337 | D        | Reached skill level 5 in Maces & Flails
   337 | D        | Gained mutation: A weak demonic guardian rushes to your
                  | aid. [demonic ancestry]
   337 | D        | Reached XP level 3. HP: 19/34 MP: 3/3
   337 | D        | Reached XP level 4. HP: 22/40 MP: 4/4
   537 | D        | Noticed a water elemental
   544 | D        | Killed a water elemental
   544 | D        | Reached *** piety under Trog
   545 | D        | Reached skill level 6 in Fighting
   545 | D        | Gained mutation: A demonic guardian rushes to your aid.
                  | [demonic ancestry]
   545 | D        | Reached XP level 5. HP: 47/47 MP: 5/5
   648 | D        | Found a radiant altar of Vehumet.
   649 | D        | Found a shimmering blue altar of Sif Muna.
   649 | D        | Found an ancient bone altar of Kikubaaqudgha.
   654 | D        | Reached skill level 7 in Fighting
   784 | D        | Noticed a deep elf pyromancer
   788 | D        | Killed a deep elf pyromancer
   788 | D        | Reached **** piety under Trog
   789 | D        | Reached skill level 9 in Fighting
   789 | D        | Gained mutation: You sometimes gain power by taking damage.
                  | [demonic ancestry]
   789 | D        | Reached XP level 6. HP: 60/60 MP: 6/6
   789 | D        | Reached XP level 7. HP: 65/65 MP: 7/7
   860 | D        | Found a hide-covered altar of Uskayaw.
   860 | D        | Found an iron altar of Okawaru.
   860 | D        | Found a bloodstained altar of Trog.
   860 | D        | Found an ornate altar of the Wu Jian Council.
   860 | D        | Noticed a human
   860 | D        | Noticed a human
   871 | D        | Killed a human
   872 | D        | Reached skill level 10 in Fighting
   872 | D        | Reached skill level 5 in Dodging
   878 | D        | Mangled by a human

Illustrated notes

Levels and vault maps discovered:
D:        dungeon_sprint_mu [sprint_mu_entry_forest, sprint_mu_temple_rooms,
          sprint_mu_d1_horrors, sprint_mu_d2_genie, sprint_mu_d3_branching,
          sprint_mu_orc_legion, sprint_mu_elf_gauntlet, sprint_mu_hive_nellie,
          sprint_mu_lair_fedhas, sprint_mu_vaults_butterflies,
          sprint_mu_slime_circle, sprint_mu_swamp_cave, sprint_mu_snake_twists,
          sprint_mu_blade_basic, sprint_mu_crypt_lich, sprint_mu_tomb_spiral,
          sprint_mu_vestibule_basic, sprint_mu_gehenna_hellfire,
          sprint_mu_dis_giant, sprint_mu_tartarus_statrot,
          sprint_mu_cocytus_islands, sprint_mu_zot1]

Skill      XL: |  1  2  3  4  5  6  7 |
---------------+----------------------+-----
Maces & Flails | 4 5 6 9 |  9.5
Fighting       | 4 5 6 9 10 | 10.1
Armour         | 2 3 6 |  6.8
Dodging        | 2 3 4 5 |  5.0

Action                   |  1- 3 |  4- 6 |  7- 9 || total
-------------------------+-------+-------+-------++-------
Melee: Mace              |    26 |    19 |    17 ||    62
Invok: Berserk           |     3 |     3 |     1 ||     7
Armor: Scale mail        |     4 |     4 |     1 ||     9
Dodge: Dodged            |     6 |     5 |     7 ||    18

Table legend: (Time is in decaauts)
 A = Elapsed time spent in this place.
 B = Non-inter-level travel time spent in this place.
 C = Inter-level travel time spent in this place.
 D = Time resting spent in this place.
 E = Time spent auto-exploring this place.
 F = Levels seen in this place.
 G = Mean time per level.
                   A        B        C        D        E       F      G
               +--------+--------+--------+--------+--------+-----+--------+
         Total |    921 |    921 |      0 |    732 |      1 |   1 |  921.0 |
       Dungeon |    921 |    921 |      0 |    732 |      1 |   1 |  921.0 |
               +--------+--------+--------+--------+--------+-----+--------+

Top non-repeatable levels by time:
       D: 921 daAuts
